 Dungeon Crawl Stone Soup version 0.29.0-4-gdea44cf6ec (webtiles) character file.

Game seed: 11976968949736566222

96 qw the Chopper (level 4, 0/26 HPs)
             Began as a Tengu Warper on Aug 28, 2022.
             Succumbed to an adder's poison
             ... on level 3 of the Dungeon.
             The game lasted 00:00:15 (3361 turns).

qw the Chopper (Tengu Warper)                       Turns: 3361, Time: 00:00:16

Health: 0/26       AC:  3    Str: 12    XL:     4   Next: 67%
Magic:  8/8        EV: 12    Int: 13    God:
Gold:   186        SH:  0    Dex: 13    Spells: 7/7 levels left

rFire   . . .      SeeInvis .   Y - +1 hand axe
rCold   . . .      Faith    .   (no shield)
rNeg    . . .      Spirit   .   b - +0 leather armour
rPois   .          Reflect  .   (helmet restricted)
rElec   .          Harm     .   (no cloak)
rCorr   .          Rampage  .   (no gloves)
Will    .....                   (boots unavailable)
Stlth   +.........              (no amulet)
HPRegen 0.08/turn               (no ring)
MPRegen 0.11/turn               (no ring)

@: lethally poisoned (0 -> -3)
A: beak, talons 3, sense surroundings 1, weak 1
a: no special abilities


You were on level 3 of the Dungeon.
You visited 1 branch of the dungeon, and saw 3 of its levels.

You collected 186 gold pieces.


Innate Abilities, Weirdness & Mutations

You have a beak for a mouth.
You have claws for feet.
You passively map a small area around you.
You are weak. (Str -2)


   Skills:
 - Level 2.0 Fighting
 + Level 5.2 Axes
 - Level 1.0 Throwing
 - Level 1.1 Armour
 - Level 2.1 Dodging
 - Level 2.0 Spellcasting
 - Level 2.4 Translocations


You had 7 spell levels left.
You didn't know any spells.
Your spell library contained the following spells:

 Spells                   Type           Power      Damage    Failure   Level
 Blink                    Tloc           14%        N/A       19%         2
 Gell's Gravitas          Tloc           7%         N/A       36%         3
 Lesser Beckoning         Tloc           7%         N/A       36%         3
 Teleport Other           Tloc           7%         N/A       36%         3
 Manifold Assault         Tloc           7%         N/A       98%         5

Inventory:

Hand Weapons
 i - a +0 flail
 Y - a +1 hand axe (weapon)
Armour
 a - a +0 tower shield
 b - a +0 leather armour (worn)
Scrolls
 d - a scroll of teleportation
 e - a scroll of identify
Potions
 c - a potion of mutation
 f - a potion of magic {unknown}
 j - a potion of attraction {unknown}
 k - a potion of flight {unknown}

Dungeon Overview and Level Annotations

Branches:
Dungeon (3/15)

Altars:

Annotations:
D:1 2 transporters


Message History

Found a short sword.
The adder hisses angrily.
The adder misses you.
You barely miss the adder. Your peck misses the adder.
The adder closely misses you.
You miss the adder. Your kick misses the adder. The adder bites you.
You are poisoned.
The adder poisons you!
You hit the adder.
The adder is moderately wounded.
You feel sick. The adder bites you.
You are more poisoned.
The adder poisons you! The adder bites you.
You are more poisoned.
The adder poisons you!
You closely miss the adder. Your peck misses the adder.
The adder is moderately wounded.
You feel very sick. The adder bites you but does no damage.
You hit the adder. Your kick misses the adder. You peck the adder.
The adder is almost dead.
You feel sick. The adder misses you. The adder bites you.
You are lethally poisoned!
The adder poisons you!
You barely miss the adder. You claw the adder.
The adder is almost dead.
You feel very sick. The adder barely misses you.
You barely miss the adder. You claw the adder.
You kill the adder!
You feel very sick.
There is a lethal amount of poison in your body!
You feel sick.
There is a lethal amount of poison in your body!
You feel sick.
There is a lethal amount of poison in your body!
You feel sick.
There is a lethal amount of poison in your body!
You die...

####...# #.#
##..###.#... ###.#
#.#########.#...####
#.###..............####<
#...............##.# #..
###..............#.###.#
#....................#
#.................)###
#.........(.....##....
#....@%.........#####.
##.............##
##.....%....#.#
#######......# ###.#.##
*..#... ..####... *,##
*##. * * , ,


There were no monsters in sight!

Vanquished Creatures
  A gnoll (D:2)
  4 adders
  A worm (D:2)
  A dart slug (D:1)
  6 endoplasms (D:1)
  5 giant cockroaches
  3 goblins
  4 hobgoblins
  2 jackals (D:1)
  6 kobolds
  2 quokkas (D:2)
  2 ball pythons (D:2)
  A bat (D:2)
  A frilled lizard (D:1)
  6 rats
45 creatures vanquished.

Vanquished Creatures (others)
  8 fungi (D:2)
  3 toadstools (D:2)
11 creatures vanquished.

Grand Total: 56 creatures vanquished

Notes
Turn   | Place    | Note
-------+----------+-------------------------------------------
     0 | D:1      | qw the Tengu Warper began the quest for the Orb.
     0 | D:1      | Reached XP level 1. HP: 12/12 MP: 4/4
     0 | D:1      | 0 ||| qw: Version: 0.1-a-89-g26bdef1
     0 | D:1      | 0 ||| qw: Game counter: 1330
     0 | D:1      | 0 ||| qw: Always use a shield: true
     0 | D:1      | 0 ||| qw: God list: Okawaru
     0 | D:1      | 0 ||| qw: Allow faded altars: false
     0 | D:1      | 0 ||| qw: Do Orc after D:15 true
     0 | D:1      | 0 ||| qw: Do second Lair branch before Depths: true
     0 | D:1      | 0 ||| qw: Lair rune preference: random
     0 | D:1      | 0 ||| qw: Plans: Normal
     0 | D:1      | 0 ||| PLANNING D:1-11
    83 | D:1      | 83 ||| Stepping ~*~*~tactically~*~*~ (stealth).
   118 | D:1      | Reached XP level 2. HP: 11/17 MP: 6/6
   258 | D:1      | Reached skill level 3 in Axes
   621 | D:1      | 621 ||| Stepping ~*~*~tactically~*~*~ (stealth).
   622 | D:1      | 622 ||| Stepping ~*~*~tactically~*~*~ (stealth).
   627 | D:1      | 627 ||| Stepping ~*~*~tactically~*~*~ (stealth).
   641 | D:1      | 641 ||| Stepping ~*~*~tactically~*~*~ (stealth).
   643 | D:1      | 643 ||| Stepping ~*~*~tactically~*~*~ (stealth).
   915 | D:1      | 915 ||| Stepping ~*~*~tactically~*~*~ (hiding).
   926 | D:1      | Reached XP level 3. HP: 19/21 MP: 7/7
  1304 | D:1      | Found a faded altar of an unknown god.
  1335 | D:1      | 1335 ||| READING 2 scrolls labelled ETYAHO CIGUO.
  1336 | D:1      | 1336 ||| READING scroll labelled ZIW LUPHIHIA.
  1341 | D:1      | 1341 ||| READING scroll labelled RUW XAESASCH.
  1342 | D:1      | 1342 ||| READING scroll labelled HEIXEQE NUOH.
  1343 | D:1      | 1343 ||| READING scroll labelled HOCEAM XEAMP.
  1344 | D:1      | 1344 ||| DROPPING scroll of amnesia.
  1345 | D:1      | 1345 ||| DROPPING scroll of blinking.
  1346 | D:1      | 1346 ||| Stepping randomly (stuck).
  1347 | D:1      | 1347 ||| Stepping ~*~*~tactically~*~*~ (cloud).
  1351 | D:1      | HP: 5/21 [poisoned by you (poison gas)]
  1354 | D:1      | HP: 2/21 [poisoned by you (poison gas)]
  1663 | D:2      | Reached skill level 4 in Axes
  1670 | D:2      | 1670 ||| FLEEEEING.
  1678 | D:2      | 1678 ||| STAIRDANCE
  1890 | D:2      | 1890 ||| Stepping ~*~*~tactically~*~*~ (stealth).
  1894 | D:2      | 1894 ||| Stepping ~*~*~tactically~*~*~ (stealth).
  1963 | D:2      | 1963 ||| Stepping ~*~*~tactically~*~*~ (stealth).
  1968 | D:2      | Reached XP level 4. HP: 26/26 MP: 8/8
  2334 | D:2      | 2334 ||| DROPPING +0 whip.
  2415 | D:2      | 2415 ||| Stepping ~*~*~tactically~*~*~ (stealth).
  2417 | D:2      | 2417 ||| Stepping ~*~*~tactically~*~*~ (stealth).
  2419 | D:2      | 2419 ||| Stepping ~*~*~tactically~*~*~ (stealth).
  2438 | D:2      | Reached skill level 5 in Axes
  3061 | D:2      | 3061 ||| DROPPING ring of magical power.
  3062 | D:2      | 3062 ||| READING scroll labelled QAETUI YSUQ.
  3063 | D:2      | 3063 ||| READING scroll labelled SILUTRA XUBYI.
  3204 | D:2      | 3204 ||| READING scroll labelled WUTISI SIADWUA.
  3205 | D:2      | 3205 ||| DRINKING 2 fizzy red potions.
  3205 | D:2      | Gained mutation: You are weak. (Str -2) [potion of
                  | mutation]
  3205 | D:2      | Gained mutation: You passively map a small area around you.
                  | [potion of mutation]
  3249 | D:3      | 3249 ||| Stepping ~*~*~tactically~*~*~ (stealth).
  3311 | D:3      | 3311 ||| Stepping ~*~*~tactically~*~*~ (stealth).
  3357 | D:3      | HP: 5/26 [poisoned by an adder]
  3359 | D:3      | HP: 2/26 [poisoned by an adder]
  3361 | D:3      | Succumbed to an adder's poison

Levels and vault maps discovered:
D:1:      spicycebolla_arrival_transporter_tutorial, layout_basic,
          dilly_ecumenical_altar_fadedgnrine, minmay_cut_off
D:2:      layout_loops_ring, minmay_gold_behind_fungi,
          chequers_serial_rivers_large_b, minmay_surrounded,
          uniq_crazy_yiuf_cottage
D:3:      layout_rooms, minitemple, uniq_robin

Skill      XL: |  1  2  3  4 |
---------------+-------------+-----
Axes           | 3 4 5 |  5.2
Fighting       | |  2.0
Throwing       | |  1.0
Armour         | |  1.1
Dodging        | |  2.1
Spellcasting   | |  2.0
Translocations | |  2.4

Action                   |  1- 3 |  4- 6 || total
-------------------------+-------+-------++-------
Melee: Hand axe          |    65 |    47 ||   112
       Kick              |    20 |    10 ||    30
       Peck              |     8 |    10 ||    18
Throw: Boomerang         |     7 |       ||     7
  Use: Scroll            |     5 |     3 ||     8
       Potion            |       |     1 ||     1
Armor: Leather armour    |    19 |     5 ||    24
Dodge: Dodged            |    34 |    24 ||    58

Table legend:
 A = Non-vault XP
 B = Vault XP
 C = Vault XP percentage of total XP
 D = Non-vault monster count
 E = Vault monster count
 F = Vault count percentage of total count
                 A         B        C        D         E       F
            +---------+---------+-------+---------+---------+-------
      Total |     106 |      32 |  23.2 |      40 |       5 |  11.1
            +---------+---------+-------+---------+---------+-------
        D:1 |      35 |       2 |   5.4 |      18 |       1 |   5.3
        D:2 |      54 |      30 |  35.7 |      18 |       4 |  18.2
        D:3 |      17 |       0 |   0.0 |       4 |       0 |   0.0
            +---------+---------+-------+---------+---------+-------
